 Dungeon Crawl Stone Soup version 0.29-a0-998-g1987434951 (webtiles) character file.

Game seed: 1808293899766819672

112 spiderkeys the Sneak (level 4, 0/30 HPs)
             Began as an Octopode Brigand on Aug 5, 2022.
             Slain by a hobgoblin (3 damage)
             ... led by Robin
             ... on level 2 of the Dungeon.
             The game lasted 00:02:08 (1530 turns).

spiderkeys the Sneak (Octopode Brigand)             Turns: 1530, Time: 00:02:09

Health: 0/30       AC:  1    Str: 10    XL:     4   Next: 95%
Magic:  4/4        EV: 17    Int: 13    God:
Gold:   69         SH:  0    Dex: 15    Spells: 3/3 levels left

rFire   . . .      SeeInvis .   a - +2 dagger
rCold   . . .      Faith    .   (no shield)
rNeg    . . .      Spirit   .   (helmet restricted)
rPois   .          Reflect  .   (no amulet)
rElec   .          Harm     .   E - +4 ring of evasion
rCorr   .          Rampage  .   (no ring)
Will    .....                   (no ring)
Stlth   ++++......              (no ring)
HPRegen 0.10/turn               (no ring)
MPRegen 0.09/turn               (no ring)
                                (no ring)
                                (no ring)

@: no status effects
A: almost no armour, amphibious, 8 rings, camouflage 1, gelatinous body 1,
(nimble swimmer 1), tentacles
a: no special abilities


You were on level 2 of the Dungeon.
You visited 1 branch of the dungeon, and saw 2 of its levels.

You collected 69 gold pieces.


Innate Abilities, Weirdness & Mutations

You cannot wear most types of armour.
You are amphibious.
You can wear up to eight rings at the same time.
Your skin changes colour to match your surroundings (Stealth+).
Your rubbery body absorbs attacks. (AC +1, EV +1)
((You are camouflaged when in or above water. (Stealth+)))
You have tentacles for arms and can constrict up to eight enemies at once.


   Skills:
 + Level 2.8 Fighting
 - Level 2.0(2.3) Short Blades
 + Level 1.6(2.1) Long Blades
 + Level 2.7 Throwing
 + Level 2.1 Dodging
 + Level 6.1 Stealth


You had 3 spell levels left.
You didn't know any spells.
Your spell library was empty.

Inventory:

Hand Weapons
 a - a +2 dagger (weapon)
Missiles
 b - 12 poisoned darts (quivered)
 c - a curare-tipped dart {=f}
 d - 8 stones
Jewellery
 E - a +4 ring of evasion (left tentacle)
   (You found it on level 1 of the Dungeon)
 G - an amulet of guardian spirit
   (You found it on level 2 of the Dungeon)
Scrolls
 e - 2 scrolls of amnesia
 f - a scroll of identify {unknown}
 h - a scroll of enchant weapon {unknown}
 l - a scroll of magic mapping {unknown}
Potions
 g - a potion of curing {unknown}
 i - a potion of might {unknown}
 j - a potion of brilliance {unknown}

Dungeon Overview and Level Annotations

Branches:
Dungeon (2/15) Zot: 10479

Altars:

......=....# #..
...........##### ##.. ......
........# #... ....$.
#.......+.# #...
....##.......#.# ##...
...#.......#.# #....
#.#..)....#.# ####....
#...††g(....# #.......
##.†.@).....# #.......
######....)g....# #.....[#
..###...............# #......#
...w........#+#.###.# #......#
.........[....#.# #.# #......#
......#####...#.###.######.###
..... #...#...[........###
...! ....#####+#########. ...
...# #.


You could see a hobgoblin and a goblin.


Message History

The rat bites you. 😕 HP[-1]
You take 1 damage, and now have 23/30 hp.
You hit the rat.
You kill the rat!
c - 2 curare-tipped darts {=f} (gained 1)
You see here an adder corpse. 😕 HP[+1]
A worm comes into view.
You see here an amulet of guardian spirit.
You see here an amulet of guardian spirit.
G - an amulet of guardian spirit 😕 HP[+1]
You start resting.
A goblin is nearby! 😕 HP[+1]
You barely miss the goblin.
Robin shouts!
The hobgoblin shouts!
Your grab misses the goblin. The goblin misses you.
Robin roars a battlecry!
The goblins go into a battle-frenzy!
You hit the goblin.
You kill the goblin!
You hit the worm but do no damage. You grab the worm. You squeeze the worm!
You constrict the worm.
Throw: 2 darts (curare) {=f}
Press: ? - help, Shift-Dir - straight line, f - Robin
Aim: Robin, wielding a +0 club, wearing a +0 animal skin and wearing a +0 helmet (68% to hit)
You throw a curare-tipped dart {=f}. The curare-tipped dart {=f} hits Robin.
Robin is poisoned.
Robin convulses.
Robin seems to slow down.
You constrict the worm. The worm closely misses you.
You hit the worm. You constrict the worm.
The goblin shouts!
You hit the worm.
You kill the worm!
You hear a shout!
A hobgoblin comes into view.
The hobgoblin misses you.
You see here an adder corpse.
The hobgoblin shouts!
You hit Robin. Your grab misses Robin. Your squeeze misses Robin.
Robin closely misses you. The hobgoblin misses you.
You hit the hobgoblin. You grab the hobgoblin. You squeeze the hobgoblin.
You kill the hobgoblin! 😕 HP[+1]
You hit Robin. You grab Robin. You constrict Robin.
You kill Robin!
The goblin hits you with a +0 club.
Items here: ) [[ †. 😮 HP[-5]
You take 5 damage, and now have 22/30 hp.
You barely miss the goblin.
The goblin shouts!
Your grab misses the goblin. The goblin hits you with a +0 club!
* * * LOW HITPOINT WARNING * * *
The goblin barely misses you. 😨 HP[-7]
You take 7 damage, and now have 15/30 hp.
MASSIVE DAMAGE!! (PAUSE)
You hit the goblin. Your grab misses the goblin. The goblin barely misses you.
The goblin hits you with a +0 club.
* * * LOW HITPOINT WARNING * * *
😨 HP[-3]
You take 3 damage, and now have 12/30 hp.
Unknown command.
You miss the goblin. You grab the goblin. You constrict the goblin.
The hobgoblin misses you. The goblin misses you.
The goblin hits you with a +0 club.
* * * LOW HITPOINT WARNING * * *
The hobgoblin misses you. 😱 HP[-6]
You take 6 damage, and now have 6/30 hp.
Unknown command.
You hit the goblin.
You kill the goblin!
The goblin misses you. The hobgoblin closely misses you.
The hobgoblin barely misses you.
Okay, then.
As you read the scroll labelled FAEG CAESOSYLE, it crumbles to dust.
It is a scroll of amnesia.
You feel forgetful for a moment. The goblin closely misses you.
The hobgoblin closely misses you.
The goblin unwields a +0 club.
The goblin wields a +0 sling.
The goblin shoots a sling bullet.
The sling bullet closely misses you. The hobgoblin misses you.
You hit the goblin.
You kill the goblin!
The hobgoblin barely misses you. The hobgoblin completely misses you.
The goblin shoots a sling bullet.
The sling bullet hits you.
* * * LOW HITPOINT WARNING * * *
😱 HP[-3]
You take 3 damage, and now have 3/30 hp.
You hit the hobgoblin. You grab the hobgoblin. You squeeze the hobgoblin.
You constrict the hobgoblin. The hobgoblin barely misses you.
The hobgoblin completely misses you.
The goblin shoots a sling bullet.
The sling bullet closely misses you.
You hit the hobgoblin.
You kill the hobgoblin!
The hobgoblin hits you.
You die...

Skill      XL: |  1  2  3  4 |
---------------+-------------+-----
Long Blades    | 1 |  1.6
Dodging        | 2 |  2.1
Stealth        | 6 |  6.1
Fighting       | |  2.8
Short Blades   | |  2.0
Throwing       | |  2.7

Action                   |  1- 3 |  4- 6 || total
-------------------------+-------+-------++-------
Melee: Dagger            |    63 |    27 ||    90
       Constrict         |    14 |     8 ||    22
       Tentacles         |    14 |     4 ||    18
       Punch             |     1 |       ||     1
Throw: Dart              |       |     3 ||     3
  Use: Scroll            |       |     1 ||     1
       Potion            |       |     1 ||     1
 Stab: Sleeping          |     7 |       ||     7
Armor: Skin              |     7 |       ||     7
Dodge: Dodged            |    45 |    27 ||    72

Levels and vault maps discovered:
D:1:      minmay_arrival_up_and_down, layout_loops_ring,
          ebering_ecumenical_altar_box
D:2:      layout_basic, minmay_misc_feat_doors, uniq_natasha,
          uniq_crazy_yiuf_cottage, uniq_robin

Notes
Turn   | Place    | Note
-------+----------+-------------------------------------------
     0 | D:1      | spiderkeys the Octopode Brigand began the quest for the
                  | Orb.
     0 | D:1      | Reached XP level 1. HP: 14/14 MP: 1/1
     0 | D:1      | magus.rc [v1.11.3]
    18 | D:1      | Found a faded altar of an unknown god.
   111 | D:1      | Reached XP level 2. HP: 14/19 MP: 2/2
  1084 | D:2      | Reached XP level 3. HP: 15/24 MP: 3/3
  1226 | D:2      | Noticed Robin
  1256 | D:2      | Reached skill level 1 in Long Blades
  1319 | D:2      | Noticed Natasha
  1328 | D:2      | Killed Natasha
  1329 | D:2      | Reached XP level 4. HP: 19/30 MP: 4/4
  1470 | D:2      | Noticed Natasha
  1478 | D:2      | Killed Natasha
  1479 | D:2      | Reached skill level 2 in Dodging
  1481 | D:2      | HP: 4/30 [adder (4)]
  1486 | D:2      | Reached skill level 6 in Stealth
  1521 | D:2      | Killed Robin
  1525 | D:2      | HP: 6/30 [goblin/+0 club[Robin] (6)]
  1530 | D:2      | Slain by a hobgoblin

Vanquished Creatures
  Natasha (twice) (D:2)
  Robin (D:2)
  An adder (D:2)
  2 worms (D:2)
  3 bats (D:1)
  An endoplasm (D:1)
  3 giant cockroaches
  6 goblins (D:2)
  9 hobgoblins
  A quokka (D:1)
  A ball python (D:1)
  A frilled lizard (D:1)
  2 kobolds (D:1)
  5 rats
38 creatures vanquished.

Table legend:
 A = Non-vault XP
 B = Vault XP
 C = Vault XP percentage of total XP
 D = Non-vault monster count
 E = Vault monster count
 F = Vault count percentage of total count
                 A         B        C        D         E       F
            +---------+---------+-------+---------+---------+-------
      Total |      93 |      70 |  42.9 |      26 |      12 |  31.6
            +---------+---------+-------+---------+---------+-------
        D:1 |      30 |       0 |   0.0 |      18 |       0 |   0.0
        D:2 |      63 |      70 |  52.6 |       8 |      12 |  60.0
            +---------+---------+-------+---------+---------+-------

Illustrated notes

Table legend:
 A = Kills in this place as a percentage of kills in entire the game.
 B = Kills by you in this place as a percentage of kills by you in the entire game.
 C = Kills by friends in this place as a percentage of kills by friends in the entire game.
 D = Other kills in this place as a percentage of other kills in the entire game.
 E = Experience gained in this place as a percentage of experience gained in the entire game.
 F = Experience gained in this place divided by the number of levels of this place that you have seen.
                   A       B       C       D       E      F
               +-------+-------+-------+-------+-------+----------------------
         Total | 100.0 | 100.0 |   N/A |   N/A | 100.0 |  81.5
       Dungeon | 100.0 | 100.0 |   N/A |   N/A | 100.0 |  81.5
               +-------+-------+-------+-------+-------+----------------------

Table legend: (Time is in decaauts)
 A = Elapsed time spent in this place.
 B = Non-inter-level travel time spent in this place.
 C = Inter-level travel time spent in this place.
 D = Time resting spent in this place.
 E = Time spent auto-exploring this place.
 F = Levels seen in this place.
 G = Mean time per level.
                   A        B        C        D        E       F      G
               +--------+--------+--------+--------+--------+-----+--------+
         Total |   1519 |   1464 |     55 |     48 |   1175 |   2 |  759.5 |
       Dungeon |   1519 |   1464 |     55 |     48 |   1175 |   2 |  759.5 |
               +--------+--------+--------+--------+--------+-----+--------+

Top non-repeatable levels by time:
     D:1: 1062 daAuts
     D:2: 456 daAuts
